Map: Odyssey LE

Players

Snute

  • Race: Zerg Zerg
  • Spawn Location: 11:00

Has - Winner!

  • Race: Protoss Protoss
  • Spawn Location: 5:00

Event: WCS Montreal 2017

VOD

Have the link to the VOD?

Description

Time

  • Played on: Sept. 9, 2017, 2:32 p.m.
  • Length: 31:10

All games in this series

Show
View Real Time Build Order
Export as new Build Order

Snute Zerg 

Build Orders: Hatch First 

Get SALT Encoding   

  12  0:00  Drone  
  13  0:12  Overlord  
  13  0:16  Drone  
  14  0:30  Drone x2  
  14  0:34  Drone  
  17  0:50  Hatchery  
  17  0:54  Drone  
  17  0:57  Drone  
  17  1:01  Extractor  
  17  1:13  Spawning Pool  
  17  1:17  Drone  
  17  1:21  Drone  
  18  1:27  Drone  
  19  1:38  Overlord  
  20  2:01  Zergling x4  
  20  2:03  Metabolic Boost, Zergling x2  
  20  2:06  Queen  
  24  2:10  Zergling x2  
  25  2:16  Zergling x2  
  25  2:22  Zergling x2  
  27  2:35  Overlord  
  27  2:37  Drone x2  
  26  2:47  Drone x2  
  28  2:59  Hatchery  
  28  3:00  Drone  
  28  3:03  Drone  
  29  3:07  Drone  
  29  3:10  Drone  
  31  3:15  Drone  
  32  3:20  Queen  
  32  3:25  Drone  
  35  3:39  Drone  
  36  3:47  Drone  
  37  4:04  Drone  
  37  4:05  Hatchery  
  37  4:08  Drone  
  38  4:11  Drone  
  41  4:18  Overlord  
  41  4:20  Drone x2  
  41  4:21  Drone  
  41  4:22  Overlord  
  42  4:30  Drone  
  43  4:33  Drone  
  44  4:39  Queen  
  44  4:40  Queen  
  44  4:42  Drone  
  44  4:44  Spore Crawler  
  48  4:47  Spore Crawler, Drone  
  48  4:48  Drone  
  48  4:49  Drone x2  
  51  4:53  Drone x2  
  51  4:59  Drone  
  53  5:02  Drone x2  
  53  5:04  Drone  
  56  5:07  Extractor  
  56  5:08  Drone  
  56  5:10  Evolution Chamber  
  56  5:11  Baneling Nest  
  54  5:16  Extractor  
  54  5:17  Queen, Extractor  
  54  5:18  Drone  
  54  5:19  Lair  
  55  5:22  Drone x2  
  55  5:23  Drone  
  55  5:24  Drone  
  59  5:29  Drone x3  
  59  5:32  Overlord  
  59  5:33  Drone  
  59  5:35  Drone  
  64  5:36  Drone  
  64  5:42  Spore Crawler  
  63  5:57  Drone x2  
  63  6:00  Overlord  
  63  6:01  Overlord x2  
  63  6:02  Overlord  
  65  6:06  Spore Crawler, Drone  
  65  6:07  Overlord  
  65  6:10  Overlord  
  65  6:17  Hydralisk Den, Centrifical Hooks  
  64  6:19  Zerg Missile Weapons Level 1  
  64  6:28  Zergling x18  
  73  6:39  Drone x5  
  78  6:47  Muscular Augments, Hydralisk x3  
  78  6:53  Hydralisk  
  86  6:56  Hydralisk  
  86  6:58  Hydralisk  
  90  7:04  Hydralisk x2  
  90  7:05  Hydralisk x2  
  90  7:07  Queen  
  97  7:11  Hydralisk  
  100  7:16  Spore Crawler  
  100  7:22  Spore Crawler  
  97  7:28  Hydralisk  
  97  7:29  Hydralisk x5  
  90  7:40  Hydralisk x4  
  96  7:44  Drone  
  96  7:45  Drone  
  96  7:46  Drone  
  96  7:51  Drone x3  
  101  7:55  Infestation Pit  
  101  8:01  Drone  
  101  8:02  Drone x4  
  101  8:03  Hydralisk  
  108  8:09  Hydralisk x2  
  112  8:15  Extractor  
  112  8:18  Zerg Missile Weapons Level 2  
  111  8:24  Overlord x2  
  111  8:25  Spore Crawler  
  110  8:27  Spore Crawler  
  109  8:36  Overlord  
  109  8:41  Extractor  
  108  8:42  Hydralisk  
  108  8:43  Hydralisk x3  
  116  8:50  Hydralisk x3  
  116  8:55  Queen  
  124  8:57  Queen  
  124  8:58  Hatchery  
  125  9:07  Infestor  
  115  9:23  Infestor  
  117  9:28  Drone x3  
  118  9:34  Spore Crawler, Queen x2  
  118  9:35  Queen  
  122  9:38  Hydralisk x4  
  122  9:39  Hydralisk  
  125  9:47  Spore Crawler, Drone  
  125  9:48  Drone x2  
  125  9:49  Infestor  
  129  9:59  Overlord x2  
  129  10:01  Drone x2  
  129  10:04  Drone x3  
  134  10:11  Burrow  
  134  10:23  Drone  
  134  10:24  Drone x7  
  142  10:37  Hive  
  138  10:44  Spire  
  138  10:49  Hydralisk x3  
  142  10:58  Drone  
  142  11:00  Spore Crawler  
  142  11:11  Spore Crawler  
  139  11:20  Overlord  
  139  11:21  Overlord, Hydralisk x7  
  153  11:27  Overlord, Hatchery  
  153  11:28  Overlord x2  
  152  11:32  Neural Parasite  
  152  11:34  Overlord  
  152  11:43  Drone x7  
  157  11:49  Hydralisk  
  118  12:07  Hydralisk x10  
  114  12:12  Drone x2  
  116  12:18  Drone x4  
  116  12:19  Drone  
  121  12:28  Drone x2  
  121  12:29  Drone  
  124  12:33  Infestor x2  
  128  12:42  Infestor  
  118  12:59  Hatchery  
  118  13:02  Hydralisk x5  
  109  13:07  Hydralisk  
  99  13:14  Hydralisk x3  
  99  13:21  Hydralisk x2  
  103  13:38  Hydralisk x3  
  109  13:44  Hydralisk  
  109  13:45  Hydralisk  
  113  13:50  Greater Spire  
  113  13:52  Hatchery  
  113  13:53  Hydralisk x2  
  116  14:05  Hydralisk x4  
  124  14:11  Hydralisk  
  124  14:12  Hydralisk  
  128  14:22  Hatchery  
  127  14:29  Infestor x2  
  127  14:30  Infestor  
  133  14:40  Infestor  
  135  14:49  Infestor  
  137  15:00  Spore Crawler  
  136  15:11  Overseer  
  136  15:12  Overseer  
  132  15:29  Drone x5  
  132  15:30  Drone x2  
  132  15:32  Infestor x4  
  147  15:37  Drone x4  
  147  15:39  Drone x3  
  154  15:53  Extractor  
  154  15:55  Hatchery  
  152  16:01  Viper  
  152  16:02  Viper, Hatchery  
  157  16:18  Zerg Ground Armor Level 1  
  157  16:23  Infestor  
  167  16:46  Zerg Flyer Armor Level 1, Corruptor x4  
  159  16:51  Extractor  
  158  17:00  Corruptor x3  
  164  17:16  Corruptor x3  
  164  17:22  Drone x4  
  174  17:23  Drone x3  
  177  17:30  Queen x4  
  185  17:51  Corruptor  
  185  17:52  Corruptor x4  
  185  17:57  Overseer x2  
  185  17:58  Hatchery  
  194  18:10  Corruptor x2  
  198  18:18  Spore Crawler  
  198  18:19  Extractor  
  196  18:32  Hatchery  
  191  19:07  Corruptor x4  
  199  19:10  Spore Crawler x2  
  199  19:11  Spore Crawler x4  
  193  19:20  Drone x7  
  193  19:22  Zerg Flyer Armor Level 2  
  200  19:45  Spore Crawler  
  199  19:53  Pneumatized Carapace, Overseer x2  
  199  20:16  Drone  
  200  20:54  Spore Crawler  
  200  20:55  Spore Crawler x2  
  200  20:56  Spore Crawler x3, Drone  
  200  20:57  Spore Crawler x3, Drone x6  
  198  20:58  Spore Crawler  
  198  20:59  Spore Crawler  
  198  21:00  Spore Crawler x3, Zerg Missile Weapons Level 3  
  198  21:01  Spore Crawler  
  198  21:03  Evolution Chamber  
  191  21:05  Spore Crawler  
  191  21:07  Spire  
  189  21:18  Drone x2  
  189  21:19  Drone x8  
  189  21:25  Spore Crawler x2  
  197  21:26  Spore Crawler  
  197  21:27  Spore Crawler  
  197  21:28  Spore Crawler x2  
  197  21:29  Spore Crawler  
  197  21:30  Spore Crawler x4  
  197  21:31  Drone x3  
  197  21:32  Spore Crawler x3, Drone x8  
  197  21:34  Spore Crawler x2  
  197  21:36  Spore Crawler  
  197  21:38  Zerg Ground Armor Level 2  
  193  21:40  Zerg Flyer Armor Level 3  
  193  21:57  Corruptor x3  
  193  21:58  Corruptor  
  199  22:06  Spore Crawler  
  199  22:07  Spore Crawler  
  199  22:08  Spore Crawler x2  
  196  22:09  Spore Crawler  
  196  22:12  Drone x6  
  196  22:13  Extractor  
  127  22:47  Corruptor  
  127  22:48  Corruptor x6  
  127  22:50  Drone x4  
  127  22:51  Drone x7  
  143  22:52  Drone x2  
  143  22:58  Drone x5  
  149  23:00  Drone x3  
  149  23:01  Extractor  
  149  23:03  Drone x3  
  149  23:04  Extractor, Drone x4  
  149  23:05  Drone x2  
  163  23:10  Queen x3  
  169  23:13  Drone  
  169  23:15  Drone x2  
  172  23:21  Infestor  
  174  23:45  Infestor x2  
  174  23:46  Hatchery  
  177  23:48  Extractor x2, Drone x3  
  177  23:49  Infestor  
  177  23:53  Hatchery  
  179  24:24  Infestor x2  
  181  24:40  Queen x5  
  193  24:47  Corruptor x4  
  199  24:54  Spore Crawler  
  199  24:55  Spore Crawler  
  199  24:56  Spore Crawler x2  
  199  24:58  Spore Crawler  
  192  25:05  Hatchery  
  191  25:15  Queen, Corruptor x2  
  191  25:16  Queen  
  199  25:37  Hatchery  
  198  25:50  Spore Crawler x2, Queen  
  198  25:51  Queen  
  200  26:04  Hatchery  
  199  26:39  Spore Crawler x2  
  197  26:40  Spore Crawler x3  
  142  27:16  Corruptor x13  
  142  27:19  Queen x4  
  142  27:22  Corruptor x4  
  138  27:26  Queen  
  134  27:33  Queen x5  
  128  27:45  Corruptor x5  
  136  27:54  Queen x2, Corruptor  
  136  27:55  Queen  
  146  28:02  Queen  
  144  28:10  Corruptor x2  
  146  28:13  Overlord x2  
  146  28:14  Drone x2  
  146  28:16  Spawning Pool, Extractor  
  140  28:50  Corruptor x3  
  140  28:52  Corruptor  
  142  29:03  Overlord x3, Lair  
  142  29:05  Extractor x2  
  142  29:06  Lair  
  142  29:09  Spore Crawler  
  139  29:10  Spore Crawler, Zergling x2  
  139  29:11  Zergling x6  
  139  29:12  Spore Crawler x2  
  139  29:13  Spore Crawler x2  
  121  29:47  Drone x8  
  111  30:05  Infestation Pit  
  111  30:06  Spire  
  109  30:12  Drone  
  109  30:13  Drone x4  
  112  30:14  Drone x3  
  112  30:16  Extractor  
  112  30:17  Extractor  
Show
View Real Time Build Order
Export as new Build Order

Has Protoss - Winner!

Build Orders: Phoenix Opening, Carriers 

Get SALT Encoding   

  12  0:00  Probe (Chrono Boost)  
  13  0:11  Probe (Chrono Boost)  
  14  0:17  Pylon  
  14  0:22  Probe (Chrono Boost)  
  15  0:36  Probe (Chrono Boost)  
  15  0:40  Gateway  
  16  0:46  Probe (Chrono Boost)  
  16  0:47  Assimilator  
  18  0:57  Probe (Chrono Boost)  
  18  1:07  Probe (Chrono Boost), Forge  
  19  1:18  Probe (Chrono Boost)  
  20  1:28  Probe (Chrono Boost)  
  21  1:39  Probe (Chrono Boost)  
  22  1:41  Pylon  
  22  1:45  Pylon  
  22  1:47  Pylon  
  22  1:49  Probe (Chrono Boost)  
  23  1:59  Photon Cannon  
  23  2:03  Probe (Chrono Boost)  
  23  2:06  Photon Cannon  
  23  2:07  Photon Cannon  
  25  2:15  Pylon  
  25  2:22  Cybernetics Core  
  24  2:33  Photon Cannon  
  25  2:40  Photon Cannon  
  25  2:43  Probe (Chrono Boost)  
  25  2:45  Zealot (Chrono Boost)  
  27  2:52  Assimilator  
  28  2:59  Stargate  
  28  3:03  Probe  
  28  3:15  Probe  
  29  3:27  Probe (Chrono Boost)  
  29  3:33  Nexus  
  30  3:40  Pylon  
  30  3:41  Probe (Chrono Boost)  
  31  3:48  Pylon  
  31  3:58  Probe, Phoenix (Chrono Boost)  
  34  4:10  Probe  
  35  4:20  Stargate  
  35  4:24  Assimilator  
  35  4:25  Stargate  
  35  4:26  Assimilator  
  35  4:29  Probe  
  35  4:41  Probe, Oracle (Chrono Boost)  
  39  4:48  Probe  
  40  4:53  Probe  
  40  4:58  Probe  
  41  5:03  Oracle (Chrono Boost)  
  41  5:05  Probe  
  46  5:09  Probe  
  47  5:17  Probe  
  47  5:18  Oracle (Chrono Boost)  
  47  5:20  Probe  
  51  5:24  Pylon  
  52  5:29  Probe  
  52  5:30  Oracle (Chrono Boost)  
  52  5:32  Probe  
  57  5:41  Probe  
  58  5:44  Oracle (Chrono Boost)  
  58  5:45  Probe  
  62  5:50  Pylon  
  62  5:53  Probe  
  66  5:58  Probe  
  66  5:59  Oracle (Chrono Boost)  
  66  6:02  Pylon  
  68  6:13  Nexus  
  67  6:20  Oracle (Chrono Boost)  
  73  6:25  Oracle (Chrono Boost)  
  73  6:31  Pylon  
  73  6:33  Pylon  
  76  6:42  Probe x2, Oracle (Chrono Boost)  
  76  6:46  Pylon  
  78  6:49  Photon Cannon  
  78  6:52  Pylon  
  78  6:55  Oracle (Chrono Boost)  
  78  7:00  Probe x2  
  83  7:07  Oracle (Chrono Boost)  
  86  7:12  Probe x2  
  88  7:32  Oracle (Chrono Boost)  
  88  7:36  Oracle (Chrono Boost)  
  90  7:38  Probe  
  90  7:40  Probe x2  
  89  7:45  Assimilator x2  
  89  7:49  Probe  
  90  7:51  Photon Cannon  
  90  7:52  Probe x2, Photon Cannon  
  90  7:53  Photon Cannon  
  90  7:54  Photon Cannon  
  90  7:58  Oracle (Chrono Boost)  
  95  8:00  Probe  
  95  8:03  Stargate  
  95  8:04  Probe  
  97  8:12  Photon Cannon  
  97  8:14  Photon Cannon  
  100  8:22  Probe x2  
  100  8:23  Probe  
  100  8:24  Oracle (Chrono Boost)  
  103  8:30  Oracle (Chrono Boost)  
  103  8:33  Oracle (Chrono Boost)  
  109  8:40  Photon Cannon  
  109  8:42  Photon Cannon  
  109  8:47  Mothership Core  
  114  8:56  Oracle (Chrono Boost)  
  114  9:06  Probe  
  118  9:10  Oracle (Chrono Boost)  
  112  9:18  Oracle x2 (Chrono Boost)  
  121  9:35  Oracle (Chrono Boost)  
  124  9:45  Oracle (Chrono Boost), Pylon  
  124  9:47  Pylon  
  124  9:48  Photon Cannon  
  124  9:49  Photon Cannon  
  124  9:51  Photon Cannon  
  124  9:52  Photon Cannon  
  124  9:58  Photon Cannon  
  124  9:59  Photon Cannon  
  124  10:02  Photon Cannon  
  124  10:04  Nexus  
  124  10:05  Pylon  
  124  10:07  Pylon  
  124  10:09  Oracle (Chrono Boost)  
  124  10:10  Oracle (Chrono Boost)  
  135  10:21  Oracle x2 (Chrono Boost)  
  135  10:29  Probe  
  135  10:30  Probe x2  
  138  10:40  Probe, Oracle (Chrono Boost)  
  138  10:42  Probe  
  143  10:45  Oracle (Chrono Boost)  
  146  10:52  Photon Cannon  
  146  10:54  Photon Cannon  
  146  10:55  Photon Cannon  
  149  10:57  Photon Cannon, Oracle (Chrono Boost)  
  149  11:04  Probe  
  152  11:05  Probe x2, Oracle (Chrono Boost)  
  152  11:08  Assimilator  
  152  11:10  Assimilator  
  155  11:14  Probe  
  155  11:15  Probe  
  155  11:16  Oracle x2 (Chrono Boost)  
  155  11:17  Probe x2  
  165  11:25  Probe x2  
  165  11:29  Pylon  
  165  11:31  Pylon  
  169  11:35  Pylon  
  169  11:36  Phoenix (Chrono Boost), Pylon  
  171  11:40  Phoenix (Chrono Boost)  
  171  11:48  Phoenix (Chrono Boost)  
  131  12:14  Oracle (Chrono Boost)  
  131  12:15  Oracle (Chrono Boost)  
  128  12:19  Oracle x2 (Chrono Boost)  
  128  12:24  Fleet Beacon  
  128  12:41  Photon Cannon  
  128  12:42  Photon Cannon  
  128  12:45  Photon Cannon x2  
  128  12:46  Oracle x2 (Chrono Boost)  
  128  12:47  Photon Cannon  
  128  12:49  Photon Cannon  
  128  12:50  Photon Cannon  
  134  12:51  Photon Cannon  
  134  12:55  Pylon  
  122  13:15  Oracle x2 (Chrono Boost)  
  119  13:23  Carrier (Chrono Boost)  
  119  13:24  Carrier (Chrono Boost)  
  119  13:27  Nexus  
  131  13:29  Pylon  
  129  13:38  Graviton Catapult  
  129  13:44  Pylon  
  139  13:49  Stargate  
  139  13:51  Protoss Air Weapons Level 1  
  139  13:54  Cybernetics Core  
  139  13:58  Carrier (Chrono Boost)  
  139  13:59  Carrier (Chrono Boost)  
  139  14:11  Nexus  
  139  14:13  Pylon  
  139  14:16  Pylon  
  139  14:17  Pylon  
  138  14:37  Pylon  
  138  14:38  Carrier x2 (Chrono Boost), Pylon  
  150  14:42  Photon Cannon  
  150  14:45  Photon Cannon  
  150  14:46  Photon Cannon  
  150  14:48  Photon Cannon  
  150  14:49  Photon Cannon  
  150  14:51  Photon Cannon  
  150  14:52  Photon Cannon  
  156  15:09  Carrier (Chrono Boost)  
  156  15:11  Photon Cannon  
  168  15:14  Assimilator  
  168  15:18  Assimilator  
  168  15:19  Carrier (Chrono Boost)  
  168  15:20  Carrier (Chrono Boost)  
  168  15:38  Probe  
  168  15:39  Probe x3  
  172  15:44  Carrier (Chrono Boost)  
  172  15:51  Carrier (Chrono Boost)  
  184  16:03  Stargate x2  
  184  16:20  Cybernetics Core  
  184  16:25  Void Ray  
  188  16:26  Pylon  
  188  16:40  Pylon  
  188  16:42  Pylon  
  188  16:57  Nexus  
  188  17:00  Pylon  
  188  17:01  Protoss Air Weapons Level 2 (Chrono Boost)  
  188  17:02  Pylon  
  188  17:03  Void Ray x3  
  188  17:07  Cybernetics Core  
  200  17:10  Void Ray  
  192  17:16  Void Ray  
  192  17:21  Forge  
  200  17:42  Protoss Air Armor Level 1 (Chrono Boost)  
  200  18:10  Photon Cannon  
  200  18:11  Photon Cannon  
  200  18:12  Photon Cannon  
  200  18:14  Photon Cannon  
  200  18:15  Photon Cannon, Protoss Shields Level 1 (Chrono Boost)  
  200  18:16  Photon Cannon  
  200  18:17  Photon Cannon  
  200  18:18  Photon Cannon  
  200  18:20  Photon Cannon  
  200  18:23  Pylon  
  200  18:26  Void Ray (Chrono Boost)  
  197  18:30  Void Ray (Chrono Boost)  
  194  19:20  Void Ray (Chrono Boost)  
  198  19:40  Protoss Air Weapons Level 3  
  198  19:43  Protoss Air Armor Level 2  
  198  20:27  Assimilator  
  198  20:47  Twilight Council  
  198  21:58  Protoss Air Armor Level 3 (Chrono Boost)  
  147  22:50  Void Ray (Chrono Boost)  
  144  22:53  Void Ray x3 (Chrono Boost)  
  144  22:55  Void Ray x3 (Chrono Boost)  
  160  23:24  Void Ray (Chrono Boost)  
  151  23:32  Oracle (Chrono Boost)  
  151  23:34  Void Ray (Chrono Boost)  
  160  23:35  Void Ray x2 (Chrono Boost), Oracle x2 (Chrono Boost)  
  160  23:40  Protoss Shields Level 2  
  170  24:06  Void Ray (Chrono Boost), Carrier (Chrono Boost)  
  182  24:13  Carrier (Chrono Boost)  
  182  24:14  Oracle (Chrono Boost)  
  188  24:20  Carrier (Chrono Boost)  
  188  24:30  Carrier (Chrono Boost)  
  188  24:37  Oracle (Chrono Boost)  
  191  24:42  Oracle (Chrono Boost)  
  182  25:39  Nexus  
  182  25:40  Pylon  
  182  25:42  Assimilator x2  
  182  25:48  Pylon  
  182  25:50  Assimilator  
  182  25:55  Carrier (Chrono Boost)  
  182  25:56  Void Ray (Chrono Boost)  
  182  25:57  Void Ray x2 (Chrono Boost)  
  198  26:02  Void Ray (Chrono Boost)  
  198  26:35  Void Ray x2 (Chrono Boost)  
  190  27:07  Void Ray x2 (Chrono Boost)  
  198  27:12  Void Ray (Chrono Boost)  
  176  27:18  Carrier (Chrono Boost)  
  176  27:19  Carrier (Chrono Boost)  
  184  27:24  Void Ray x2 (Chrono Boost)  
  182  27:44  Void Ray x2 (Chrono Boost)  
  186  28:25  Void Ray (Chrono Boost)  
  186  28:30  Void Ray (Chrono Boost)  
  178  29:03  Void Ray (Chrono Boost)  
  178  29:06  Probe  
  179  29:33  Void Ray (Chrono Boost)  
  179  29:57  Nexus  
  179  30:01  Pylon  
  179  30:02  Pylon  
  179  30:11  Assimilator  
  179  30:12  Nexus, Pylon  
Tags
 
Add a new tag
Caveats
  • Supply blocks, unpowered buildings, or Contaminate may cause inaccurate times.
  • Supply counts are checked every 10 seconds.